 Dungeon Crawl Stone Soup version 0.24.0-28-g17ded55e90 (webtiles) character file.

Game seed: 6305226176346953058, levelgen mode: deterministic

60392 Flugslaktarn the Severer (level 14, -6/132 HPs)
             Began as a Deep Dwarf Fighter on Nov 12, 2019.
             Was the Champion of Makhleb.
             Mangled by Snorg (22 damage)
             ... on level 1 of the Orcish Mines.
             The game lasted 00:12:49 (13552 turns).

Flugslaktarn the Severer (Deep Dwarf Fighter)      Turns: 13552, Time: 00:12:50

Health: -6/132     AC: 19    Str: 24    XL:     14   Next: 56%
Magic:  7/7        EV:  2    Int:  6    God:    Makhleb [******]
Gold:   851        SH: 29    Dex: 12    Spells: 13/13 levels left

rFire    + . .     SeeInvis .   a - +0 war axe
rCold    + + .     Gourm    .   N - +10 large shield of Ignorance {rN+ Int-4}
rNeg     + + .     Faith    .   I - +0 plate armour
rPois    .         Spirit   .   k - +0 helmet
rElec    .         Reflect  .   x - scarf {rC+ rF+}
rCorr    .         Harm     .   (no gloves)
MR       ++...                  J - +1 pair of boots
Stlth    ..........             (no amulet)
HPRegen  0.00/turn              c - ring of protection from cold
MPRegen  0.10/turn              j - +2 ring of slaying

@: grasped by roots, non-regenerating, constricted
A: damage resistance, heal wounds, negative energy resistance 1, sense
surroundings 2, no regeneration
a: Heal Wounds, Minor Destruction, Lesser Servant of Makhleb, Major Destruction,
Greater Servant of Makhleb, Renounce Religion


You were on level 1 of the Orcish Mines.
You worshipped Makhleb.
Makhleb was exalted by your worship.
You were not hungry.

You visited 4 branches of the dungeon, and saw 20 of its levels.
You also visited: Ossuary.

You collected 941 gold pieces.
You spent 90 gold pieces at shops.

Inventory:

Hand Weapons
 a - a +0 war axe (weapon)
Missiles
 K - 2 throwing nets (quivered)
Armour
 k - a +0 helmet (worn)
   (You found it on level 7 of the Dungeon)
 x - a scarf of resistance (worn)
   (You found it on level 6 of the Dungeon)
 I - a +0 plate armour (worn)
   (You took it off an orc warrior on level 9 of the Dungeon)
 J - a +1 pair of boots (worn)
   (You found it on level 8 of the Dungeon)
 N - the +10 large shield of Ignorance (worn) {rN+ Int-4}
   (You found it on level 11 of the Dungeon)

   It affects your intelligence (-4).
   It protects you from negative energy.
Jewellery
 c - a ring of protection from cold (left hand)
   (You found it on level 2 of the Dungeon)
 j - a +2 ring of slaying (right hand)
   (You found it on level 6 of the Dungeon)
Wands
 v - a wand of digging (14)
   (You found it on level 2 of the Lair of Beasts)
 y - a wand of scattershot (1)
   (You found it on level 7 of the Dungeon)
 A - a wand of paralysis (22)
   (You found it on level 9 of the Dungeon)
 G - a wand of acid (21)
   (You found it on level 8 of the Dungeon)
 P - a wand of clouds (1)
   (You found it on level 2 of the Lair of Beasts)
 Q - a wand of iceblast (12)
   (You found it on level 5 of the Dungeon)
Scrolls
 i - 5 scrolls of remove curse
 l - 3 scrolls of magic mapping
 r - 6 scrolls of identify
 t - 6 scrolls of teleportation
 u - 4 scrolls of fear
 z - 2 scrolls of blinking
 B - 4 scrolls of enchant weapon
 C - 3 scrolls of enchant armour
 H - a scroll of acquirement {unknown}
 M - a scroll of brand weapon {unknown}
 O - a scroll of fog {unknown}
Potions
 d - 3 potions of might
 f - 2 potions of flight
 g - 2 potions of cancellation
 h - 2 potions of magic
 m - a potion of ambrosia {unknown}
 n - 4 potions of resistance
 o - 3 potions of haste
 p - 8 potions of brilliance
 q - 6 potions of curing
 s - 4 potions of agility
 w - 4 potions of heal wounds
 D - 4 potions of lignification
 E - 2 potions of degeneration {unknown}
 F - a potion of mutation {unknown}
 L - 2 potions of experience {unknown}
Miscellaneous
 S - a box of beasts
Comestibles
 e - 37 rations


   Skills:
 + Level 10.2 Fighting
 * Level 15.7 Axes
 + Level 11.9 Armour
 + Level 11.9 Shields
 - Level 7.0 Invocations
 + Level 12.6 Evocations


You had 13 spell levels left.
You didn't know any spells.
Your spell library was empty.

Dungeon Overview and Level Annotations

Branches:
Dungeon (12/15)            Temple (1/1) D:6            Lair (6/6) D:10
  Swamp (0/4) Lair:3       Spider (0/4) Lair:4        Slime (0/5) Lair:5
    Orc (1/2) D:11        Ossuary (visited)

Altars:
Ashenzari
Cheibriados
Dithmenos
Elyvilon
Fedhas
Gozag
Hepliaklqana
Kikubaaqudgha
Makhleb
Nemelex Xobeh
Okawaru
Qazlal
Ru
Trog
Uskayaw
Vehumet
Xom
Yredelemnul
Zin
The Shining One

Shops:
D:4 ?   D:5 [   D:9 [

Annotations:
D:4 1 exclusion, Blork the orc
D:7 Joseph
D:11 1 runed translucent door, exclusion: orange crystal statue
Lair:2 exclusion: oklob plant
Lair:5 exclusion: 2 oklob plants
Orc:1 Jorgrun, Snorg


Innate Abilities, Weirdness & Mutations

You are resistant to damage.
You can heal yourself by infusing magical energy.
You resist negative energy. (rN+)
You passively map the area around you.
You do not regenerate.


Message History

You barely miss the orc priest.
Your shield and plate armour prevent you from hitting the orc warrior.
You block Snorg's attack. x2; Snorg claws you but does no damage.
The orc warrior hits you with a +0 long sword.
The orc priest hits you but does no damage.
The grasping roots constrict you!
You hit Snorg.
Snorg is severely wounded.
You closely miss the orc warrior. You closely miss the orc priest.
You block Snorg's attack. x2; Snorg claws you but does no damage.
You closely miss Snorg.
Snorg is severely wounded.
You closely miss the orc warrior. You hit the orc priest.
You block Snorg's attack. x2; Snorg claws you.
* * * LOW HITPOINT WARNING * * *
The grasping roots constrict you!!
The orc warrior hits you with a +0 long sword!
* * * LOW HITPOINT WARNING * * *
Snorg bites you!!
You die...

##......#.#.##.##....
##......##########....
#........#$#. #<....
##...................#
*###.....#.#.#........
** #........###...#...
####.......#*....###.
#..#.........#.##...#
#
#.....o@o...#..,....#
##.....T)............
#.#....o$......,,, ,
.......g....... ,
#.#....o$......,, ,
#####^.o...#...,, , ,
* ##.#.##...., , *,, *
..,.. .... , ,,**, ,
,,


You could see Jorgrun, Snorg (berserk), an orc warrior, 2 orc priests, an orc
wizard and an orc.

Vanquished Creatures
  2 entropy weavers (Lair:4)
  5 dire elephants (Lair:6)
  Josephine (Lair:4)
  8 hydras
  A catoblepas (Lair:2)
  An anaconda (Lair:6)
  3 two-headed ogres
  A queen ant (Lair:4)
  2 death yaks
  Urug (Lair:1)
  Sonja (D:12)
  An unseen horror (D:11)
  Pikel (D:7)
  2 ugly things
  A cyclops (D:12)
  16 elephants
  A torpor snail (Lair:5)
  5 black mambas
  5 orange demons (D:10)
  8 spiny frogs
  2 rime drakes
  3 komodo dragons
  4 trolls
  4 red devils (D:10)
  A hornet (D:10)
  14 blink frogs
  3 slime creatures (D:12)
  A bog body (Lair:3)
  6 dream sheep (Lair:2)
  6 hippogriffs
  5 wraiths (Lair:4)
  18 yaks
  A shadow (D:11)
  7 spriggans (Lair:2)
  2 wyverns
  3 basilisks
  2 hungry ghosts
  Grum (D:8)
  A steam dragon (Lair:4)
  Edmund (D:4)
  Menkaure (Ossuary)
  22 soldier ants (Lair:4)
  An acid dragon (D:7)
  8 water moccasins
  13 porcupines
  9 orc warriors
  A sky beast (D:9)
  An ice beast (D:7)
  4 necrophages (D:8)
  3 slaves (D:7)
  6 black bears
  8 ogres
  7 wolves
  14 centaurs
  10 crocodiles
  4 big kobolds
  16 bullfrogs
  A wyvern zombie (D:11)
  3 scorpions
  A wight (D:8)
  3 electric eels
  A howler monkey (D:6)
  2 crimson imps
  4 bullfrog zombies
  2 quasits
  9 orc priests
  7 hounds
  4 jellies
  4 bullfrog skeletons
  2 orc wizards (D:8)
  An iguana (D:9)
  30 worker ants
  2 hound zombies
  A hound skeleton (D:8)
  4 mummies
  A howler monkey zombie (D:8)
  A worker ant zombie (D:5)
  9 adders
  14 gnolls
  A howler monkey skeleton (D:4)
  4 shadow imps
  5 oozes (D:8)
  3 adder zombies (D:8)
  3 adder skeletons
  A worm (D:6)
  A dart slug (D:2)
  4 leopard geckos
  46 orcs
  3 bats
  A giant cockroach (D:6)
  7 hobgoblins
  8 jackals
  3 quokkas (D:5)
  6 frilled lizards
  4 gnoll skeletons (Ossuary)
  6 gnoll zombies (Ossuary)
  A goblin (D:3)
  8 goblin skeletons (Ossuary)
  5 hobgoblin zombies (Ossuary)
  19 kobolds
  5 kobold skeletons (Ossuary)
  6 kobold zombies (Ossuary)
  A leopard gecko zombie (D:8)
  3 orc skeletons (Ossuary)
  4 orc zombies (Ossuary)
  A quokka zombie (D:8)
  3 rats
  5 rat skeletons (Ossuary)
  4 rat zombies (Ossuary)
  A bush (Lair:2)
  2 fungi (Lair:3)
  10 plants
569 creatures vanquished.

Vanquished Creatures (others)
  A vampire (D:11)
  A kobold (D:7)
  A bush (Lair:2)
  8 fungi
  4 plants
15 creatures vanquished.

Grand Total: 584 creatures vanquished

Notes
Turn   | Place    | Note
-------+----------+-------------------------------------------
     0 | D:1      | Flugslaktarn the Deep Dwarf Fighter began the quest for the
                  | Orb.
     0 | D:1      | Reached XP level 1. HP: 20/20 MP: 1/1
   211 | D:1      | Reached XP level 2. HP: 27/27 MP: 2/2
   330 | D:2      | Found a stormy altar of Qazlal.
   471 | D:2      | Reached skill level 3 in Axes
   474 | D:2      | Reached XP level 3. HP: 30/33 MP: 3/3
   815 | D:2      | Found a sacrificial altar of Ru.
   821 | D:2      | Found a blossoming altar of Fedhas.
  1177 | D:4      | Reached XP level 4. HP: 37/42 MP: 4/4
  1205 | D:4      | Noticed Edmund
  1223 | D:4      | Killed Edmund
  1223 | D:4      | Reached skill level 4 in Axes
  1223 | D:4      | Reached XP level 5. HP: 41/49 MP: 4/4
  1325 | D:4      | Found an iron altar of Okawaru.
  1365 | D:4      | Found Antufraary's Magic Scroll Boutique.
  1590 | D:4      | Noticed Blork the orc
  1755 | D:5      | Entered Level 5 of the Dungeon
  1758 | D:5      | Reached XP level 6. HP: 40/56 MP: 5/5
  1944 | D:5      | Reached skill level 5 in Axes
  2024 | D:5      | Reached XP level 7. HP: 30/64 MP: 5/5
  2063 | D:5      | Found Huteenk's Antique Armour Boutique.
  2088 | D:5      | Reached skill level 5 in Armour
  2088 | D:5      | Reached skill level 5 in Shields
  2559 | D:6      | Reached skill level 6 in Axes
  2586 | D:6      | Reached skill level 1 in Evocations
  2781 | D:6      | Reached XP level 8. HP: 29/73 MP: 7/7
  2860 | D:6      | HP: 1/73 [orc warrior/+0 mace (12)]
  2861 | D:6      | Reached skill level 7 in Axes
  2958 | D:6      | Found a radiant altar of Vehumet.
  3339 | D:6      | Found a staircase to the Ecumenical Temple.
  3350 | Temple   | Entered the Ecumenical Temple
  3463 | Temple   | Became a worshipper of Makhleb the Destroyer
  3756 | D:6      | Found a hide-covered altar of Uskayaw.
  3886 | D:7      | Reached skill level 5 in Fighting
  3886 | D:7      | Reached skill level 1 in Invocations
  3967 | D:7      | Found a sand-covered staircase.
  3990 | D:7      | Noticed Pikel
  4007 | D:7      | Noticed Joseph
  4012 | D:7      | Reached * piety under Makhleb
  4013 | D:7      | Killed Pikel
  4013 | D:7      | Reached skill level 8 in Axes
  4013 | D:7      | Gained mutation: You passively map the area around you.
                  | [Deep Dwarf growth]
  4013 | D:7      | Reached XP level 9. HP: 36/81 MP: 4/6
  4221 | Ossuary  | Entered an ossuary
  4396 | Ossuary  | Reached ** piety under Makhleb
  4497 | Ossuary  | Noticed Menkaure
  4501 | Ossuary  | Killed Menkaure
  4798 | D:8      | Noticed Grum
  4811 | D:8      | Noticed a two-headed ogre
  4865 | D:8      | Found a hazy altar of Hepliaklqana.
  4882 | D:8      | Reached skill level 5 in Evocations
  4903 | D:8      | Reached *** piety under Makhleb
  4924 | D:8      | Reached skill level 9 in Axes
  4948 | D:8      | Killed a two-headed ogre
  4948 | D:8      | Reached XP level 10. HP: 56/91 MP: 5/5
  4969 | D:8      | Reached skill level 5 in Invocations
  5086 | D:8      | Killed Grum
  5145 | D:8      | Found Zin's Purification Station.
  5146 | D:8      | Found a glowing silver altar of Zin.
  5151 | D:8      | Bought a potion of curing for 90 gold pieces
  5394 | D:8      | Noticed a two-headed ogre
  5410 | D:8      | Killed a two-headed ogre
  5410 | D:8      | Reached skill level 10 in Axes
  5478 | D:8      | Found a glowing golden altar of the Shining One.
  5536 | D:8      | Reached **** piety under Makhleb
  6073 | D:9      | You fall into a shaft and drop 3 floors!
  6075 | D:12     | Noticed Sonja
  6075 | D:12     | Noticed a cyclops
  6092 | D:12     | Killed Sonja
  6099 | D:12     | Killed a cyclops
  6099 | D:12     | Reached XP level 11. HP: 54/99 MP: 5/5
  6243 | D:11     | Reached ***** piety under Makhleb
  6258 | D:11     | Reached skill level 11 in Axes
  6407 | D:11     | Noticed a seven-headed hydra
  6418 | D:11     | Killed a seven-headed hydra
  6601 | D:11     | Noticed a two-headed ogre
  6613 | D:11     | Killed a two-headed ogre
  6654 | D:11     | Noticed a white ugly thing
  6656 | D:11     | Killed a white ugly thing
  6739 | D:11     | Found a runed translucent door.
  6745 | D:11     | Found the +10 large shield of Ignorance {rN+ Int-4}
  6750 | D:11     | Found a runed translucent door.
  6750 | D:11     | Noticed an orange crystal statue
  6782 | D:11     | Killed an unseen horror
  7009 | D:11     | Found a staircase to the Orcish Mines.
  7044 | D:10     | Entered Level 10 of the Dungeon
  7100 | D:10     | Paralysed by a hornet for 1 turns
  7102 | D:10     | Paralysed by a hornet for 1 turns
  7145 | D:10     | Found a staircase to the Lair.
  7166 | D:10     | Reached skill level 12 in Axes
  7558 | D:9      | Noticed a green ugly thing
  7577 | D:9      | Killed a green ugly thing
  7577 | D:9      | Reached XP level 12. HP: 110/110 MP: 3/3
  7606 | D:9      | Found Ozuig's Antique Armour Emporium.
  8144 | Lair:1   | Entered Level 1 of the Lair of Beasts
  8170 | Lair:1   | Noticed Urug
  8222 | Lair:1   | Killed Urug
  8343 | Lair:1   | Reached ****** piety under Makhleb
  8404 | Lair:1   | Reached skill level 13 in Axes
  8447 | Lair:1   | Reached skill level 10 in Armour
  8447 | Lair:1   | Reached skill level 10 in Evocations
  8785 | Lair:2   | Reached skill level 10 in Shields
  8828 | Lair:2   | Noticed a six-headed hydra
  8833 | Lair:2   | Killed a six-headed hydra
  9090 | Lair:2   | Noticed a catoblepas
  9100 | Lair:2   | Killed a catoblepas
  9521 | Lair:2   | Reached XP level 13. HP: 118/118 MP: 5/5
 10124 | Lair:3   | Reached skill level 14 in Axes
 10270 | Lair:3   | Found a staircase to the Swamp.
 10865 | Lair:4   | Noticed an entropy weaver
 10867 | Lair:4   | Noticed an entropy weaver
 10886 | Lair:4   | Killed an entropy weaver
 10886 | Lair:4   | Killed an entropy weaver
 11250 | Lair:4   | Noticed Josephine
 11270 | Lair:4   | Killed Josephine
 11299 | Lair:4   | Found a hole to the Spider Nest.
 11690 | Lair:5   | Gained mutation: You resist negative energy. (rN+) [Deep
                  | Dwarf growth]
 11690 | Lair:5   | Reached XP level 14. HP: 130/130 MP: 6/6
 11707 | Lair:5   | Reached skill level 15 in Axes
 11900 | Lair:5   | Found a staircase to the Slime Pits.
 12083 | Lair:6   | Entered Level 6 of the Lair of Beasts
 12443 | Lair:6   | Reached skill level 10 in Fighting
 13515 | Orc:1    | Entered Level 1 of the Orcish Mines
 13538 | Orc:1    | Noticed Snorg
 13546 | Orc:1    | Noticed Jorgrun
 13552 | Orc:1    | Mangled by Snorg

Levels and vault maps discovered:
D:1:      erik_arrival_cave_to_civilisation [erik_arrival_cave_to_hall],
          layout_rooms, serial_forest, infiniplex_forest_clump_large,
          infiniplex_forest_lined_4_way, infiniplex_forest_lined_1,
          infiniplex_forest_diagonal, infiniplex_forest_lined_3,
          infiniplex_forest_clump_diagonal, chequers_jeans
D:2:      layout_loops_ring, marbit_many_paths, amethyst_overflow_temple_binary,
          serial_forest, infiniplex_forest_3_way, infiniplex_forest_zigzag_2,
          infiniplex_forest_zigzag_1, infiniplex_forest_straight_2,
          infiniplex_forest_straight_4, infiniplex_forest_straight_2,
          infiniplex_forest_clump_diagonal, minmay_tetromino_s2
D:3:      layout_basic, lemuel_round_altar
D:4:      layout_loops_ring, tgw_sif, old_standard_altar, serial_shops,
          shop_statue, uniq_edmund
D:5:      layout_cave_pods, first_ration, serial_shops, shop
D:6:      layout_basic, nicolae_overflow_crystal_walls,
          lemuel_coloured_pillars_altar, minmay_temple_entry_fiery,
          minmay_circle_x
D:7:      layout_cave_pools, nicolae_ossuary_entry_ruins, uniq_pikel,
          uniq_joseph
D:8:      layout_loops_ring, tso_metal_star, zin_purify, lemuel_crystal_altar,
          serial_undead, serial_undead_d, serial_undead_d, serial_undead_a,
          serial_undead_e, hangedman_little_slice_of_home,
          nicolae_underground_beach, uniq_grum
D:9:      layout_rooms, serial_shops, nicolae_shop_behind_doors
D:10:     layout_roguey, due_lair_maze_entry_diamond, minmay_beelzebubs_servants
D:11:     layout_small_grid, erik_orc_2, chequers_guarded_unrand_ignorance
D:12:     layout_basic, uniq_sonja
Temple:   jpeg_temple_clearing
Lair:1:   layout_concentric_octagons, minivault_23, uniq_urug
Lair:2:   kb_forest_paths, layout_regular_city, minmay_hedge_maze,
          serial_bayou_shore_b, minmay_lair_oklob_chamber,
          infiniplex_staircase_pool_2
Lair:3:   layout_layer_cave, skrybe_swamp_entry_bodies, lemuel_fruit_fields,
          serial_bayou_shore_b
Lair:4:   layout_hall_layers, spider_nest_entry_web_field,
          chequers_serial_rivers_micro_e, zaba_anthell, serial_bayou_shore_b,
          grunt_megastairs_1, uniq_josephine
Lair:5:   layout_cave_shapes, minmay_slime_entry_oklob_open,
          bh_autumn_forest_stairs
Lair:6:   due_jungle_book, layout_gridlike, nicolae_quartered_pool_medium
Orc:1:    nicolae_orc_accident_2, layout_caves, serial_shops, shop_fountains,
          uniq_snorg, uniq_jorgrun

Skill      XL: |  1  2  3  4  5  6  7  8  9 10 11 12 13 14 |
---------------+-------------------------------------------+-----
Axes           | 3 4 5 6 8 9 10 12 13 14 15 | 15.7
Fighting       | 3 4 5 6 7 8 9 10 | 10.2
Armour         | 4 5 6 7 8 9 10 11 | 11.9
Shields        | 4 5 6 7 8 9 10 11 | 11.9
Evocations     | 2 4 5 7 9 10 11 12 | 12.6
Invocations    | 2 4 6 7 |  7.0

Action                   |  1- 3 |  4- 6 |  7- 9 | 10-12 | 13-15 || total
-------------------------+-------+-------+-------+-------+-------++-------
Melee: War axe           |   108 |    89 |   422 |   927 |   759 ||  2305
       Unarmed           |       |       |    30 |       |       ||    30
 Abil: Heal Wounds       |     1 |     6 |    21 |    15 |     2 ||    45
Evoke: Wand              |       |       |     2 |    10 |    14 ||    26
  Use: Scroll            |       |       |    13 |     8 |     1 ||    22
       Potion            |       |       |       |     3 |       ||     3
 Stab: Paralysed         |       |       |       |     2 |       ||     2
  Eat: Chunk             |     1 |     3 |     7 |    18 |    14 ||    43
       Ration            |       |       |     1 |       |       ||     1
Armor: Scale mail        |    35 |    26 |   141 |   224 |       ||   426
       Skin              |       |       |     1 |       |       ||     1
       Plate armour      |       |       |       |    78 |   244 ||   322
Dodge: Dodged            |    36 |    32 |   132 |   191 |    66 ||   457
Block: Shield            |    55 |    51 |   264 |   307 |       ||   677
       Large shield      |       |       |       |   624 |  1049 ||  1673
